 Dungeon Crawl Stone Soup version 0.19-a0-450-g98b348d (webtiles) character file.

78 tyrsky the Digger (level 4, -15/24 HPs)
             Began as a Gargoyle Earth Elementalist on June 1, 2016.
             Was an Initiate of Vehumet.
             Engulfed by a cloud of flame (20 damage)
             ... on level 2 of the Dungeon.
             The game lasted 00:03:26 (1950 turns).

tyrsky the Digger (Gargoyle Earth Elementalist)     Turns: 1950, Time: 00:03:27

Health: -15/24     AC:  5    Str: 12    XL:     4   Next: 36%
Magic:  7/9        EV: 12    Int: 16    God:    Vehumet [......]
Gold:   102        SH:  0    Dex: 10    Spells: 3 memorised, 3 levels left

rFire  . . .     SeeInvis .     h - +2 dagger (drain)
rCold  . . .     Gourm    .     e - +0 robe
rNeg   + . .     Faith    .     (no shield)
rPois  ∞         Spirit   .     (no helmet)
rElec  +         Dismiss  .     (no cloak)
rCorr  .         Reflect  .     (no gloves)
SustAt .         Harm     .     (no boots)
MR     .....                    (no amulet)
Stlth  ++........               (no ring)
                                (no ring)

@: not resistant to hostile enchantments, unstealthy
A: negative energy resistance 1, electricity resistance, unbreathing,
petrification resistance, rot immunity, AC +3
a: Renounce Religion


You were on level 2 of the Dungeon.
You worshipped Vehumet.
Vehumet was noncommittal.
You were not hungry.

You visited 1 branch of the dungeon, and saw 2 of its levels.

You collected 102 gold pieces.

Inventory:

Hand Weapons
 h - a +2 dagger of draining (weapon)
Missiles
 b - 38 stones (quivered)
Armour
 e - a +0 robe (worn)
Scrolls
 f - a scroll of teleportation {unknown}
 i - a scroll of fog {unknown}
 l - a scroll of noise {unknown}
Potions
 a - a potion of beneficial mutation {unknown}
 g - a potion of cancellation {unknown}
 j - 2 potions of curing {unknown}
Books
 c - a book of Geomancy

   Spells                             Type                      Level
   a - Sandblast                      Earth                        1
   b - Passwall                       Transmutation/Earth          2
   c - Stone Arrow                    Conjuration/Earth            3
   d - Petrify                        Transmutation/Earth          4
   e - Lee's Rapid Deconstruction     Earth                        5
Comestibles
 d - 3 bread rations
 k - a meat ration


   Skills:
 - Level 1.5 Dodging
 - Level 2.1 Stealth
 * Level 3.4 Spellcasting
 + Level 0.9 Conjurations
 - Level 0.7 Transmutations
 + Level 4.4 Earth Magic


You had 3 spell levels left.
You knew the following spells:

 Your Spells              Type           Power        Failure   Level  Hunger
a - Sandblast             Erth           ###...       3%          1    None
b - Passwall              Tmut/Erth      ##........   12%         2    ##.....
c - Stone Arrow           Conj/Erth      ##....       17%         3    ###....


Dungeon Overview and Level Annotations

Branches:
Dungeon (2/15)

Altars:
Dithmenos
Vehumet

Annotations:
D:2 exclusion: worm


Innate Abilities, Weirdness & Mutations

You are resistant to torment.
Your stone body is resilient. (AC +3)
You are immune to poison.
You resist negative energy. (rN+)
You are resistant to electric shocks. (rElec)
You can survive without breathing.
You are immune to petrification.
You are immune to rotting.


Message History

Aiming: Sandblast
Press: ? - help, Shift-Dir - straight line, f/p - bat
Aim: a bat (moderately wounded)
The blast of sand hits the bat.
You kill the bat!
Casting: Sandblast
Confirm with . or Enter, or press ? or * to list all spells.
You can't see any susceptible monsters within range! (Use Z to cast anyway.) Really walk into a travel-excluded area?
Found a robe.
You now have 102 gold pieces (gained 12).
There is a radiant altar of Vehumet here.
You kneel at the altar of Vehumet.
Vehumet welcomes you!
You are engulfed in roaring flames.
Ouch! That really hurt!
* * * LOW HITPOINT WARNING * * *
You are engulfed in roaring flames.
Ouch! That really hurt!
You die...

###.# ##..#####.##
..# ...........#
#..# ...######..#
#..# #.## # #..# #.#
#. #..# # ..#
##..######..# .# #.#
#...........###.####
#.#
#.....§.§9.......(..
#.#
#...#§.§§.......#
#.#
###...§.§§##.####
#.# ..[.......##.#
).# ####...#####.#
.## ##### #.# .# #.#
.# #.# .# #.#


There were no monsters in sight!

Vanquished Creatures
  5 adders
  An ooze (D:1)
  A dart slug (D:1)
  A giant gecko (D:2)
  7 bats
  A goblin (D:1)
  3 hobgoblins
  2 kobolds
  A quokka (D:2)
  5 giant newts
  4 rats (D:2)
31 creatures vanquished.

Notes
Turn   | Place    | Note
--------------------------------------------------------------
     0 | D:1      | tyrsky the Gargoyle Earth Elementalist began the quest for the Orb.
     0 | D:1      | Reached XP level 1. HP: 10/10 MP: 3/3
   158 | D:1      | Reached XP level 2. HP: 2/15 MP: 0/5
   447 | D:1      | Reached skill level 4 in Earth Magic
   833 | D:1      | Reached XP level 3. HP: 19/19 MP: 4/7
   837 | D:1      | Learned a level 2 spell: Passwall
   841 | D:1      | Learned a level 3 spell: Stone Arrow
  1265 | D:2      | Found a shadowy altar of Dithmenos.
  1499 | D:2      | Reached XP level 4. HP: 23/24 MP: 0/8
  1934 | D:2      | Found a radiant altar of Vehumet.
  1945 | D:2      | Became a worshipper of Vehumet
  1950 | D:2      | Engulfed by a cloud of flame

Vault maps used:
D:1:      lightli_arrival_farm
D:2:      fiery_altar_vehumet, nicolae_dithmenos_shadow_blocks

Skill      XL: |  1  2  3 |
---------------+----------+-----
Earth Magic    | 4 |  4.4
Spellcasting   | 3 |  3.4
Dodging        | |  1.5
Stealth        | |  2.1
Conjurations   | |  0.9
Transmutations | |  0.7

Action                   |  1- 3 |  4- 6 || total
-------------------------+-------+-------++-------
Melee: Unarmed           |     3 |       ||     3
       Dagger            |     5 |       ||     5
Throw: Stone             |    44 |    18 ||    62
 Cast: Sandblast         |    42 |    28 ||    70
  Eat: Chunk             |     2 |     1 ||     3
Armor: Robe              |    12 |     6 ||    18
Dodge: Dodged            |    23 |    12 ||    35
